General information
			
			
        
        - name: BNet
 
        - type: Ladder team game (AT/RT)
 
        - host: Battle.net
 
        - saver: MrFrosty
 
        
map: SunrockCove 
        - players: 6
 
        - length: 67:05
 
        - speed: Fast
 - version: 1.22 W3XP
 - replay type:  Public
 
» download(392 KB)
Players
        team 1 (winner) 
              
              
Ishamal (
blue | 45 APM | 3004 actions | 67:04)
              
 5 Archmage 
 3 Blizzard
 1 Brilliance Aura
 1 Summon Water Elemental
 5 Paladin 
 3 Holy Light
 2 Divine Shield
 4 Mountain King 
 2 Storm Bolt
 2 Bash
 
                » actions 
                
                | Assign group hotkey | 7 |  | 
| Basic commands | 34 |  | 
| Build / train | 120 |  | 
| ESC pressed | 2 |  | 
| Enter build submenu | 79 |  | 
| Enter hero's abilities submenu | 16 |  | 
| Give item / drop item | 3 |  | 
| Remove unit from queue | 1 |  | 
| Right click | 1624 |  | 
| Select / deselect | 603 |  | 
| Select group hotkey | 224 |  | 
| Use ability | 290 |  | 
                3004 total
 » units 
                
                | Peasant | 20 |  | 
| Priest | 2 |  | 
| Sorceress | 1 |  | 
| Goblin Shredder | 1 |  | 
| Goblin Zeppelin | 1 |  | 
| Dragonhawk Rider | 4 |  | 
                29 total
 » upgrades
                
                | Masonry | 3 |  | 
| Magic Sentry | 1 |  | 
| Lumber Harvesting | 2 |  | 
| Priest Training | 1 |  | 
| Sorceress Training | 1 |  | 
| Cloud | 1 |  | 
| Armor | 2 |  | 
| Animal War Training | 1 |  | 
                12 total
 » buildings
                
                | Altar of Kings | 2 |  | 
| Barracks | 2 |  | 
| Farm | 12 |  | 
| Lumber Mill | 2 |  | 
| Scout Tower | 91 |  | 
| Arcane Tower | 8 |  | 
| Guard Tower | 28 |  | 
| Keep | 1 |  | 
| Town Hall | 2 |  | 
| Arcane Sanctum | 1 |  | 
| Arcane Vault | 2 |  | 
| Gryphon Aviary | 2 |  | 
| Castle | 1 |  | 
| Blacksmith | 1 |  | 
                155 total
 » build order
                00:04 Altar of Kings
00:18 Barracks
00:26 Farm
00:37 Lumber Mill
00:59 Farm
01:05 Scout Tower
01:37 Arcane Tower
01:51 Scout Tower
02:17 Guard Tower
02:19 Scout Tower
02:44 Scout Tower
02:48 Guard Tower
02:51 Scout Tower
03:21 Guard Tower
03:38 Scout Tower
03:39 Scout Tower
04:31 Guard Tower
04:34 Scout Tower
04:35 Scout Tower
04:57 Scout Tower
05:08 Guard Tower
05:51 Scout Tower
05:52 Guard Tower
05:57 Scout Tower
06:05 Scout Tower
06:06 Scout Tower
06:07 Keep
06:20 Arcane Tower
06:22 Scout Tower
06:43 Guard Tower
06:50 Guard Tower
06:52 Arcane Tower
06:56 Guard Tower
07:25 Scout Tower
07:26 Scout Tower
07:35 Town Hall
07:44 Scout Tower
07:46 Scout Tower
08:00 Guard Tower
08:26 Guard Tower
08:35 Arcane Sanctum
08:42 Arcane Vault
08:55 Guard Tower
09:02 Scout Tower
09:28 Scout Tower
09:30 Guard Tower
09:59 Scout Tower
10:00 Scout Tower
10:01 Arcane Tower
10:27 Guard Tower
12:15 Guard Tower
12:17 Scout Tower
12:18 Scout Tower
12:18 Scout Tower
12:19 Scout Tower
12:20 Scout Tower
12:21 Scout Tower
12:31 Gryphon Aviary
12:39 Castle
12:54 Guard Tower
13:31 Scout Tower
13:34 Scout Tower
13:35 Scout Tower
13:36 Scout Tower
13:37 Scout Tower
13:38 Scout Tower
14:33 Guard Tower
14:36 Arcane Tower
14:43 Farm
14:44 Farm
14:45 Farm
14:45 Farm
15:30 Guard Tower
15:40 Arcane Tower
15:43 Scout Tower
15:44 Scout Tower
15:46 Scout Tower
15:46 Scout Tower
17:34 Guard Tower
20:44 Guard Tower
21:48 Scout Tower
21:49 Scout Tower
21:51 Scout Tower
21:52 Scout Tower
21:55 Scout Tower
21:59 Scout Tower
22:32 Guard Tower
22:36 Scout Tower
22:37 Scout Tower
22:40 Scout Tower
22:41 Scout Tower
22:44 Scout Tower
22:49 Scout Tower
23:10 Blacksmith
23:33 Guard Tower
23:58 Barracks
25:25 Town Hall
25:33 Scout Tower
25:34 Scout Tower
25:35 Scout Tower
25:36 Scout Tower
25:39 Scout Tower
25:42 Scout Tower
25:43 Scout Tower
25:45 Scout Tower
25:47 Scout Tower
25:48 Scout Tower
25:51 Scout Tower
25:52 Scout Tower
25:53 Scout Tower
25:54 Scout Tower
25:56 Scout Tower
25:57 Scout Tower
25:59 Scout Tower
26:00 Scout Tower
26:00 Scout Tower
26:01 Scout Tower
26:05 Scout Tower
26:06 Scout Tower
26:07 Scout Tower
26:08 Scout Tower
26:08 Scout Tower
26:10 Scout Tower
27:28 Guard Tower
27:38 Guard Tower
28:35 Guard Tower
29:04 Gryphon Aviary
30:58 Arcane Vault
31:36 Arcane Tower
31:48 Lumber Mill
34:00 Scout Tower
34:02 Scout Tower
34:04 Scout Tower
34:04 Scout Tower
34:05 Scout Tower
34:07 Scout Tower
34:08 Scout Tower
34:09 Scout Tower
34:10 Scout Tower
36:42 Guard Tower
38:02 Guard Tower
55:43 Altar of Kings
55:46 Farm
55:47 Farm
55:50 Farm
55:52 Farm
56:26 Farm
56:30 Farm
66:16 Scout Tower
66:17 Scout Tower
66:18 Scout Tower
66:20 Scout Tower
66:21 Scout Tower
66:53 Guard Tower
66:55 Arcane Tower
» items
                
                | Boots of Speed | 3 |  | 
| Staff of Teleportation | 3 |  | 
| Potion of Lesser Invulnerability | 3 |  | 
| Potion of Healing | 1 |  | 
| Scroll of Regeneration | 1 |  | 
| Periapt of Vitality | 2 |  | 
| Staff of Sanctuary | 1 |  | 
| Scroll of Town Portal | 2 |  | 
| Orb of Lightning | 2 |  | 
| Tome of Retraining | 1 |  | 
                19 total
  
               
              
              
MLKwasaNlGGER (
red | 102 APM | 4313 actions | 42:29)
              
 5 Blademaster 
 3 Wind Walk
 2 Critical Strike
 4 Goblin Alchemist 
 2 Acid Bomb
 2 Chemical Rage
 
                » actions 
                
                | Assign group hotkey | 67 |  | 
| Basic commands | 38 |  | 
| Build / train | 107 |  | 
| ESC pressed | 11 |  | 
| Enter build submenu | 129 |  | 
| Enter hero's abilities submenu | 9 |  | 
| Give item / drop item | 18 |  | 
| Right click | 1848 |  | 
| Select / deselect | 455 |  | 
| Select group hotkey | 1328 |  | 
| Use ability | 303 |  | 
                4313 total
 » units 
                
                | Peon | 30 |  | 
| Troll Batrider | 14 |  | 
| Goblin Shredder | 3 |  | 
| Goblin Zeppelin | 3 |  | 
| Wind Rider | 3 |  | 
                53 total
 » upgrades
                
                | Spiked Barricades | 3 |  | 
| Reinforced Defenses | 1 |  | 
| Liquid Fire | 1 |  | 
| Envenomed Spears | 1 |  | 
| Ranged Weapons | 2 |  | 
| Ensnare | 1 |  | 
| War Drums Damage Increase | 1 |  | 
| Armor | 2 |  | 
                12 total
 » buildings
                
                | Altar of Storms | 2 |  | 
| Orc Burrow | 7 |  | 
| Voodoo Lounge | 3 |  | 
| War Mill | 2 |  | 
| Watch Tower | 105 |  | 
| Great Hall | 3 |  | 
| Stronghold | 4 |  | 
| Beastiary | 5 |  | 
| Fortress | 3 |  | 
                134 total
 » build order
                00:09 Altar of Storms
00:21 Orc Burrow
00:36 Voodoo Lounge
01:33 Orc Burrow
01:44 War Mill
02:57 Watch Tower
03:25 Great Hall
04:05 Stronghold
04:15 Watch Tower
04:48 Watch Tower
04:49 Watch Tower
05:52 Watch Tower
06:04 Watch Tower
06:05 Watch Tower
06:09 Watch Tower
06:20 Watch Tower
07:01 Watch Tower
07:41 Watch Tower
07:41 Watch Tower
07:43 Watch Tower
07:44 Watch Tower
07:46 Beastiary
08:04 Beastiary
09:26 Watch Tower
09:36 Orc Burrow
10:34 Watch Tower
10:36 Watch Tower
10:38 Fortress
10:38 Fortress
12:08 Voodoo Lounge
12:34 Watch Tower
12:35 Watch Tower
12:35 Watch Tower
12:37 Watch Tower
12:38 Watch Tower
14:56 Watch Tower
14:56 Watch Tower
14:57 Watch Tower
14:58 Watch Tower
15:49 Watch Tower
15:50 Watch Tower
18:21 Watch Tower
18:22 Watch Tower
19:02 Watch Tower
19:03 Watch Tower
20:42 Watch Tower
22:07 Watch Tower
24:02 Watch Tower
24:03 Watch Tower
24:04 Watch Tower
24:05 Watch Tower
24:05 Watch Tower
24:09 Watch Tower
24:12 Orc Burrow
24:15 Watch Tower
24:15 Watch Tower
24:16 Watch Tower
24:17 Watch Tower
24:32 Watch Tower
24:33 Watch Tower
24:50 Watch Tower
24:51 Watch Tower
25:06 Watch Tower
26:07 Great Hall
26:09 War Mill
26:19 Watch Tower
26:20 Watch Tower
26:21 Watch Tower
26:22 Watch Tower
26:22 Watch Tower
26:24 Watch Tower
26:24 Watch Tower
26:26 Watch Tower
27:23 Watch Tower
27:24 Watch Tower
27:24 Watch Tower
27:29 Altar of Storms
27:35 Watch Tower
27:36 Watch Tower
28:17 Orc Burrow
28:19 Orc Burrow
28:21 Orc Burrow
29:05 Stronghold
29:06 Stronghold
29:52 Great Hall
30:41 Watch Tower
30:44 Watch Tower
30:48 Watch Tower
30:52 Watch Tower
30:54 Watch Tower
31:03 Watch Tower
31:05 Watch Tower
31:07 Watch Tower
31:08 Watch Tower
31:09 Watch Tower
31:09 Watch Tower
31:32 Beastiary
31:42 Beastiary
31:45 Beastiary
32:00 Watch Tower
32:01 Watch Tower
32:07 Watch Tower
33:17 Watch Tower
33:18 Watch Tower
33:21 Watch Tower
33:22 Watch Tower
33:42 Fortress
34:00 Voodoo Lounge
35:06 Watch Tower
35:06 Watch Tower
35:08 Watch Tower
35:09 Watch Tower
35:31 Watch Tower
35:32 Watch Tower
35:40 Watch Tower
35:40 Watch Tower
36:37 Watch Tower
36:38 Watch Tower
40:40 Watch Tower
40:42 Watch Tower
40:42 Watch Tower
40:43 Watch Tower
40:45 Watch Tower
40:47 Watch Tower
40:47 Watch Tower
40:49 Watch Tower
40:49 Watch Tower
41:51 Watch Tower
41:52 Watch Tower
41:52 Watch Tower
41:56 Watch Tower
41:57 Watch Tower
» items
                
                | Healing Salve | 5 |  | 
| Lesser Clarity Potion | 7 |  | 
| Boots of Speed | 1 |  | 
| Circlet of Nobility | 1 |  | 
| Staff of Teleportation | 2 |  | 
| Scroll of Speed | 2 |  | 
| Orb of Lightning | 2 |  | 
| Staff of Sanctuary | 1 |  | 
                21 total
  
               
              
              
MrFrosty (
purple | 79 APM | 5280 actions | 67:05)
              
 6 Archmage 
 3 Blizzard
 2 Brilliance Aura
 1 Mass Teleport
 6 Mountain King 
 3 Storm Bolt
 2 Thunder Clap
 1 Avatar
 6 Paladin 
 3 Holy Light
 3 Divine Shield
 
                » actions 
                
                | Assign group hotkey | 25 |  | 
| Basic commands | 40 |  | 
| Build / train | 154 |  | 
| ESC pressed | 3 |  | 
| Enter build submenu | 99 |  | 
| Enter hero's abilities submenu | 19 |  | 
| Give item / drop item | 13 |  | 
| Right click | 2799 |  | 
| Select / deselect | 1057 |  | 
| Select group hotkey | 599 |  | 
| Use ability | 470 |  | 
                5280 total
 » units 
                
                | Peasant | 17 |  | 
| Goblin Shredder | 1 |  | 
| Priest | 2 |  | 
| Sorceress | 2 |  | 
| Goblin Zeppelin | 1 |  | 
| Dragonhawk Rider | 4 |  | 
                27 total
 » upgrades
                
                | Masonry | 3 |  | 
| Lumber Harvesting | 2 |  | 
| Sorceress Training | 2 |  | 
| Priest Training | 2 |  | 
| Magic Sentry | 1 |  | 
| Backpack | 1 |  | 
| Armor | 3 |  | 
| Animal War Training | 1 |  | 
| Swords | 3 |  | 
| Cloud | 1 |  | 
                19 total
 » buildings
                
                | Altar of Kings | 2 |  | 
| Scout Tower | 84 |  | 
| Farm | 17 |  | 
| Lumber Mill | 2 |  | 
| Arcane Tower | 17 |  | 
| Guard Tower | 43 |  | 
| Town Hall | 2 |  | 
| Keep | 2 |  | 
| Arcane Sanctum | 1 |  | 
| Castle | 2 |  | 
| Arcane Vault | 2 |  | 
| Barracks | 1 |  | 
| Blacksmith | 2 |  | 
| Gryphon Aviary | 2 |  | 
                179 total
 » build order
                00:06 Altar of Kings
00:20 Scout Tower
00:22 Farm
00:38 Lumber Mill
00:50 Arcane Tower
01:19 Farm
01:27 Scout Tower
01:49 Scout Tower
02:03 Guard Tower
02:11 Scout Tower
02:18 Guard Tower
02:50 Guard Tower
02:56 Scout Tower
03:39 Scout Tower
03:40 Scout Tower
03:53 Town Hall
04:19 Guard Tower
04:24 Scout Tower
04:35 Scout Tower
04:39 Arcane Tower
04:53 Arcane Tower
04:56 Scout Tower
05:00 Scout Tower
05:27 Guard Tower
05:29 Scout Tower
05:31 Guard Tower
05:33 Scout Tower
05:49 Farm
05:52 Scout Tower
05:57 Guard Tower
06:04 Arcane Tower
06:23 Keep
06:25 Arcane Tower
06:48 Scout Tower
07:39 Scout Tower
07:56 Scout Tower
07:58 Scout Tower
07:59 Scout Tower
08:10 Guard Tower
08:11 Scout Tower
08:26 Guard Tower
08:27 Arcane Tower
08:38 Scout Tower
08:41 Arcane Tower
09:17 Arcane Sanctum
09:19 Arcane Tower
09:36 Castle
10:04 Arcane Vault
10:09 Scout Tower
10:10 Scout Tower
10:11 Scout Tower
12:02 Guard Tower
12:20 Scout Tower
12:35 Farm
13:36 Barracks
13:39 Blacksmith
13:42 Scout Tower
13:43 Scout Tower
14:14 Guard Tower
14:18 Guard Tower
14:40 Arcane Tower
14:45 Scout Tower
15:21 Guard Tower
18:52 Scout Tower
18:53 Scout Tower
18:54 Scout Tower
19:53 Altar of Kings
19:57 Lumber Mill
20:36 Arcane Tower
20:58 Farm
20:58 Farm
20:59 Farm
21:00 Farm
21:02 Farm
21:04 Farm
21:07 Guard Tower
21:09 Scout Tower
21:10 Scout Tower
21:54 Farm
21:55 Farm
22:03 Guard Tower
22:05 Scout Tower
22:24 Farm
22:25 Farm
22:27 Farm
22:30 Farm
22:39 Guard Tower
22:41 Scout Tower
23:37 Guard Tower
24:22 Scout Tower
24:54 Guard Tower
24:56 Scout Tower
25:01 Scout Tower
25:03 Scout Tower
25:04 Scout Tower
25:23 Guard Tower
25:26 Arcane Tower
26:11 Scout Tower
26:12 Scout Tower
26:12 Scout Tower
26:28 Town Hall
26:43 Guard Tower
27:00 Guard Tower
27:26 Arcane Tower
27:27 Guard Tower
27:37 Scout Tower
27:38 Scout Tower
28:13 Guard Tower
28:15 Scout Tower
28:16 Scout Tower
28:39 Scout Tower
28:40 Scout Tower
29:01 Arcane Tower
29:02 Scout Tower
29:04 Keep
29:29 Guard Tower
29:31 Arcane Vault
29:37 Guard Tower
29:41 Guard Tower
29:43 Scout Tower
29:44 Scout Tower
29:47 Scout Tower
29:48 Scout Tower
30:14 Guard Tower
30:45 Guard Tower
31:17 Guard Tower
31:20 Scout Tower
31:23 Scout Tower
31:30 Gryphon Aviary
31:32 Gryphon Aviary
31:33 Farm
31:45 Arcane Tower
31:52 Scout Tower
31:54 Scout Tower
31:55 Scout Tower
32:18 Scout Tower
32:28 Guard Tower
32:31 Scout Tower
32:34 Scout Tower
32:35 Scout Tower
33:03 Arcane Tower
33:23 Guard Tower
33:31 Guard Tower
34:52 Guard Tower
34:55 Scout Tower
34:58 Scout Tower
36:28 Blacksmith
36:33 Guard Tower
36:36 Scout Tower
36:38 Scout Tower
36:39 Scout Tower
36:51 Scout Tower
36:54 Guard Tower
36:56 Scout Tower
38:07 Arcane Tower
38:08 Guard Tower
38:15 Guard Tower
39:12 Scout Tower
40:24 Castle
41:21 Guard Tower
43:31 Scout Tower
43:37 Scout Tower
43:38 Scout Tower
43:39 Scout Tower
45:52 Guard Tower
45:57 Arcane Tower
45:58 Guard Tower
47:42 Scout Tower
47:44 Scout Tower
47:45 Scout Tower
47:46 Scout Tower
47:48 Scout Tower
47:51 Scout Tower
47:53 Scout Tower
48:45 Guard Tower
49:25 Guard Tower
49:32 Scout Tower
49:33 Scout Tower
52:12 Guard Tower
» items
                
                | Staff of Teleportation | 3 |  | 
| Boots of Speed | 3 |  | 
| Healing Salve | 1 |  | 
| Periapt of Vitality | 2 |  | 
| Potion of Healing | 5 |  | 
| Scroll of Regeneration | 1 |  | 
| Staff of Sanctuary | 3 |  | 
| Circlet of Nobility | 1 |  | 
| Orb of Lightning | 3 |  | 
                22 total
  
               team 2 (loser) 
              
              
GaRy24 (
orange | 48 APM | 2828 actions | 59:16)
              
 6 Mountain King 
 3 Storm Bolt
 2 Bash
 1 Avatar
 
                » actions 
                
                | Basic commands | 105 |  | 
| Build / train | 111 |  | 
| Enter build submenu | 42 |  | 
| Enter hero's abilities submenu | 6 |  | 
| Right click | 1569 |  | 
| Select / deselect | 875 |  | 
| Use ability | 120 |  | 
                2828 total
 » units 
                
                | Peasant | 17 |  | 
| Rifleman | 10 |  | 
| Mortar Team | 11 |  | 
| Flying Machine | 3 |  | 
| Siege Engine | 13 |  | 
| Dragonhawk Rider | 8 |  | 
| Peon | 1 |  | 
| Goblin Zeppelin | 1 |  | 
                64 total
 » upgrades
                
                | Gunpowder | 2 |  | 
| Armor | 1 |  | 
| Lumber Harvesting | 1 |  | 
| Long Rifles | 1 |  | 
| Masonry | 3 |  | 
| Plating | 2 |  | 
| Barrage | 1 |  | 
| Flare | 1 |  | 
| Cloud | 1 |  | 
                13 total
 » buildings
                
                | Barracks | 1 |  | 
| Altar of Kings | 2 |  | 
| Farm | 10 |  | 
| Blacksmith | 1 |  | 
| Scout Tower | 16 |  | 
| Arcane Tower | 1 |  | 
| Lumber Mill | 1 |  | 
| Guard Tower | 15 |  | 
| Keep | 1 |  | 
| Workshop | 2 |  | 
| Castle | 1 |  | 
| Arcane Vault | 1 |  | 
| Gryphon Aviary | 1 |  | 
| Town Hall | 1 |  | 
                54 total
 » build order
                00:07 Barracks
00:14 Altar of Kings
00:17 Altar of Kings
00:32 Farm
01:08 Farm
01:51 Blacksmith
01:59 Farm
02:32 Scout Tower
02:43 Farm
03:02 Arcane Tower
03:23 Lumber Mill
03:58 Farm
04:02 Scout Tower
04:43 Guard Tower
05:07 Scout Tower
05:40 Keep
06:14 Guard Tower
06:42 Farm
07:32 Farm
08:05 Workshop
08:21 Farm
08:59 Farm
11:57 Castle
11:59 Scout Tower
12:02 Scout Tower
12:27 Guard Tower
12:30 Guard Tower
13:20 Arcane Vault
13:22 Scout Tower
13:55 Guard Tower
14:04 Scout Tower
14:34 Workshop
14:37 Guard Tower
15:54 Farm
38:16 Gryphon Aviary
43:06 Town Hall
45:33 Scout Tower
46:49 Guard Tower
47:33 Scout Tower
48:08 Guard Tower
48:39 Scout Tower
49:01 Scout Tower
49:06 Guard Tower
49:07 Scout Tower
49:32 Guard Tower
49:37 Guard Tower
49:41 Scout Tower
50:17 Guard Tower
51:08 Scout Tower
51:37 Guard Tower
52:12 Scout Tower
52:53 Guard Tower
52:55 Scout Tower
» items
                
                | Dust of Appearance | 1 |  | 
| Scroll of Regeneration | 1 |  | 
| Potion of Healing | 2 |  | 
| Lesser Clarity Potion | 1 |  | 
| Boots of Speed | 1 |  | 
| Potion of Lesser Invulnerability | 2 |  | 
| Circlet of Nobility | 1 |  | 
                9 total
  
               
              
              
» 
ITKOI (
pink | 55 APM | 3679 actions | 67:04)
              
 4 Far Seer 
 2 Feral Spirit
 2 Chain Lighting
 5 Beastmaster 
 2 Summon Bear
 3 Summon Quilbeast
 2 Tauren Chieftain 
 1 Endurance Aura
 1 War Stomp
 
                » actions 
                
                | Assign group hotkey | 86 |  | 
| Build / train | 84 |  | 
| Enter build submenu | 35 |  | 
| Enter hero's abilities submenu | 11 |  | 
| Give item / drop item | 1 |  | 
| Remove unit from queue | 4 |  | 
| Right click | 1825 |  | 
| Select / deselect | 831 |  | 
| Select group hotkey | 647 |  | 
| Use ability | 155 |  | 
                3679 total
 » units 
                
                | Peon | 16 |  | 
| Grunt | 14 |  | 
| Tauren | 7 |  | 
| Shaman | 7 |  | 
| Spirit Walker | 2 |  | 
                46 total
 » upgrades
                
                | Berserker Strength | 1 |  | 
| Shaman Training | 2 |  | 
| Armor | 3 |  | 
| Pulverize | 1 |  | 
| Spirit Walker Training | 1 |  | 
| Melee Weapons | 1 |  | 
| Reinforced Defenses | 1 |  | 
                10 total
 » buildings
                
                | Altar of Storms | 1 |  | 
| Orc Burrow | 7 |  | 
| Barracks | 1 |  | 
| Voodoo Lounge | 2 |  | 
| War Mill | 1 |  | 
| Stronghold | 2 |  | 
| Watch Tower | 10 |  | 
| Fortress | 1 |  | 
| Spirit Lodge | 1 |  | 
| Tauren Totem | 2 |  | 
| Great Hall | 1 |  | 
                29 total
 » build order
                00:06 Altar of Storms
00:23 Orc Burrow
00:39 Barracks
01:34 Orc Burrow
02:08 Voodoo Lounge
02:55 War Mill
03:27 Stronghold
04:49 Watch Tower
04:57 Watch Tower
05:50 Fortress
06:19 Orc Burrow
07:28 Spirit Lodge
08:21 Tauren Totem
08:26 Tauren Totem
08:47 Orc Burrow
10:39 Orc Burrow
12:45 Orc Burrow
14:25 Orc Burrow
15:48 Great Hall
25:33 Watch Tower
25:37 Watch Tower
25:41 Watch Tower
25:44 Watch Tower
25:48 Watch Tower
29:26 Watch Tower
31:52 Watch Tower
33:01 Watch Tower
47:19 Stronghold
50:11 Voodoo Lounge
» items
                
                | Healing Salve | 2 |  | 
| Scroll of Town Portal | 5 |  | 
                7 total
  
               
              
              
» 
NIl(E (
yellow | 73 APM | 3997 actions | 54:41)
              
 6 Blademaster 
 2 Wind Walk
 3 Critical Strike
 1 Bladestorm
 
                » actions 
                
                | Assign group hotkey | 49 |  | 
| Basic commands | 4 |  | 
| Build / train | 113 |  | 
| ESC pressed | 3 |  | 
| Enter build submenu | 32 |  | 
| Enter hero's abilities submenu | 6 |  | 
| Give item / drop item | 2 |  | 
| Remove unit from queue | 2 |  | 
| Right click | 1709 |  | 
| Select / deselect | 750 |  | 
| Select group hotkey | 1163 |  | 
| Use ability | 164 |  | 
                3997 total
 » units 
                
                | Peon | 43 |  | 
| Wind Rider | 8 |  | 
| Demolisher | 8 |  | 
| Troll Headhunter/Berserker | 12 |  | 
| Kodo Beast | 1 |  | 
| Troll Witch Doctor | 10 |  | 
                82 total
 » upgrades
                
                | Ranged Weapons | 3 |  | 
| Burning Oil | 1 |  | 
| Berserker Upgrade | 1 |  | 
| Troll Regeneration | 1 |  | 
| Witch Doctor Training | 2 |  | 
| Reinforced Defenses | 1 |  | 
                9 total
 » buildings
                
                | Altar of Storms | 1 |  | 
| Orc Burrow | 6 |  | 
| Stronghold | 2 |  | 
| Beastiary | 2 |  | 
| Fortress | 1 |  | 
| War Mill | 1 |  | 
| Barracks | 2 |  | 
| Great Hall | 7 |  | 
| Spirit Lodge | 1 |  | 
| Watch Tower | 4 |  | 
| Voodoo Lounge | 3 |  | 
                30 total
 » build order
                00:06 Altar of Storms
00:10 Orc Burrow
01:56 Stronghold
02:05 Orc Burrow
04:20 Beastiary
04:22 Beastiary
04:55 Orc Burrow
08:04 Orc Burrow
08:19 Fortress
08:39 War Mill
08:49 Barracks
09:13 Orc Burrow
11:33 Barracks
13:51 Great Hall
14:01 Spirit Lodge
19:49 Watch Tower
22:31 Great Hall
28:27 Orc Burrow
31:14 Great Hall
32:21 Great Hall
37:07 Voodoo Lounge
37:48 Voodoo Lounge
38:29 Watch Tower
46:05 Great Hall
47:12 Voodoo Lounge
47:28 Watch Tower
49:20 Watch Tower
50:30 Great Hall
52:11 Great Hall
» items
                
                | Healing Salve | 2 |  | 
| Lesser Clarity Potion | 2 |  | 
| Scroll of Town Portal | 2 |  | 
| Potion of Lesser Invulnerability | 1 |  | 
| Staff of Teleportation | 1 |  | 
| Boots of Speed | 1 |  | 
| Orb of Lightning | 1 |  | 
                10 total
  
                Chat log
          (00:15 / All) MLKwasaNlGGER: hey hey hey
(00:17 / All) MLKwasaNlGGER: UR ALL GAY
(00:32 / Allies) MLKwasaNlGGER: gonna expo before i harass
(05:24 / Allies) MrFrosty: ishhhhhhh
(05:34 / Allies) MLKwasaNlGGER: share up
(12:46 / Allies) MrFrosty: yah
(12:49 / Allies) MLKwasaNlGGER: TT
(12:49 / Allies) MrFrosty: tt
(15:17 / Allies) MLKwasaNlGGER: lust tauren
(20:31 / Allies) MLKwasaNlGGER: u take that one ishh
(20:33 / Allies) Ishamal: k
(23:19 / All) ITKOI: you guys are way fag noobs
(23:23 / All) MLKwasaNlGGER: tt noob
(23:23 / All) ITKOI: just leave
(23:34 / All) MLKwasaNlGGER: why   ? ?
(23:35 / All) ITKOI: your a waste of time
(23:39 / All) MLKwasaNlGGER: you're
(27:55 / Allies) MLKwasaNlGGER: cool lag
(28:28 / Allies) MLKwasaNlGGER: tt
(28:37 / All) MLKwasaNlGGER: gg
(28:42 / All) ITKOI: NOOB FAGS
(28:45 / All) MLKwasaNlGGER:  ? ?
(28:48 / All) MLKwasaNlGGER: i try to be manner..
(30:03 / All) NIl(E: u guys forgot
(30:05 / All) NIl(E: units?
(30:08 / All) MrFrosty: oph shit
(30:10 / All) MLKwasaNlGGER: i got 3 birds
(30:11 / All) MrFrosty: i knew it was something
(30:20 / All) NIl(E: u guys massed peasents
(30:27 / All) Ishamal: but arnt peasants good?
(30:28 / All) MLKwasaNlGGER: and u lost to it!
(30:31 / All) Ishamal: cause i can militia them
(30:39 / All) ITKOI: you guys suck
(30:49 / All) MrFrosty: we looose i guess
(30:58 / All) MLKwasaNlGGER: u guys wanna rematch after?
(31:10 / All) ITKOI: no you guys are boring and you suck
(31:18 / All) MLKwasaNlGGER:  :(
(31:28 / All) Ishamal: dont you wanna try again so you might win?
(31:50 / All) MLKwasaNlGGER: omg
(31:55 / All) NIl(E: wards
(31:57 / All) NIl(E: mo fucka
(32:04 / All) MLKwasaNlGGER: wards cant see everything
(32:11 / All) NIl(E: your on candid camra
(32:12 / All) Ishamal: must be mh
(32:21 / All) Ishamal: noobs are mhing
(32:23 / All) Ishamal: bc cant win
(32:25 / All) MLKwasaNlGGER: Fictious Warpotion is upset
(32:59 / Allies) MLKwasaNlGGER: lvl 1 tc
(33:01 / Allies) MLKwasaNlGGER: pro
(33:04 / Allies) Ishamal: lol
(33:06 / All) MLKwasaNlGGER: get stomp
(33:12 / All) MLKwasaNlGGER: its really good vs towers
(33:28 / All) NIl(E: malitia
(33:30 / All) NIl(E: omg
(33:32 / Allies) MLKwasaNlGGER: im gonna have a massive wood shortage
(33:37 / Allies) MLKwasaNlGGER: if u kno what i mean
(33:39 / Allies) Ishamal: me2
(33:40 / Allies) Ishamal: lawl
(33:46 / Allies) MLKwasaNlGGER: did yall get orbs?
(33:52 / Allies) Ishamal: my am doesnt ahve 1 :*(
(34:03 / Allies) MLKwasaNlGGER: welp ill make 1 shop over here
(34:28 / All) MLKwasaNlGGER: TT
(34:36 / All) MrFrosty: level 6 heroes are worth keeping alive
(34:45 / All) MLKwasaNlGGER: no they arent
(35:09 / Allies) MrFrosty: i been playing stronghold again its a fun game
(35:13 / All) NIl(E: ...
(35:17 / Allies) MLKwasaNlGGER: whats that
(35:18 / All) MLKwasaNlGGER: . . .
(35:21 / All) MLKwasaNlGGER: sup
(35:22 / Allies) MLKwasaNlGGER: scanned
(35:23 / All) NIl(E: omfg
(35:25 / All) MLKwasaNlGGER: u like?>
(36:08 / All) MLKwasaNlGGER: nice mk
(36:45 / All) MLKwasaNlGGER: i hope u didnt spend too much of your gold on units already
(37:29 / All) MrFrosty: its a good thing you didnt try to stop me from destroying your expos half the time
(37:32 / All) MrFrosty: v. good decision
(38:40 / Allies) MLKwasaNlGGER: fag
(41:53 / All) NIl(E: TO ME
(42:11 / All) MrFrosty: sorry bro im outtie
(42:19 / All) MLKwasaNlGGER: im innie
(42:29 / All) Ishamal: NO RM
(45:23 / All) NIl(E: run nigga
(45:24 / All) NIl(E: run
(47:19 / Allies) Ishamal: lol
(48:37 / All) Ishamal: cya
(50:07 / All) MrFrosty: run
(50:09 / All) MrFrosty: or dont
(51:10 / All) MrFrosty: good use of tp
(51:23 / All) MrFrosty: im sure you guys have loads of gold though so its ok
(51:45 / All) ITKOI: im sure your out of gold you fuckin noobs
(51:50 / All) Ishamal: only 16k here
(51:51 / All) MrFrosty: ive got 6k and still mining
(51:59 / All) MrFrosty: sorry for your loss
(52:18 / All) NIl(E: u..
(52:20 / All) NIl(E: are faggots
(52:24 / All) MrFrosty: you're a noob
(52:25 / All) NIl(E: gayest shit iv ever seen
(52:27 / All) Ishamal: gtfo noobs
(53:39 / All) MrFrosty: thanks for the easy win
(53:47 / All) NIl(E: ya easy..
(53:49 / All) NIl(E: fuck u
(53:52 / All) MrFrosty: didnt need any units
(53:59 / All) MrFrosty: seems ez to me
(54:04 / All) NIl(E: mroe like a waste of time
(54:05 / All) NIl(E: faggot
(54:08 / All) MrFrosty: ez
(54:09 / All) MrFrosty: 2 e z
(54:51 / Allies) Ishamal: wtf
(54:55 / Allies) Ishamal: i cant move my heroes
(54:57 / Allies) Ishamal: i cant use
(54:58 / Allies) Ishamal: them
(55:04 / Allies) Ishamal: move thme out plz
(55:27 / Allies) Ishamal: wow
(55:29 / Allies) Ishamal: that was fucked up
(55:33 / Allies) Ishamal: i couldnt use my heroes...
(56:38 / All) MrFrosty: theres no such thing as a free lunch but there are certainly free wins
(56:51 / All) MrFrosty: welp my gold mine is out and i have 8.1k gold
(58:11 / All) MrFrosty: tier 2 expo is a good use of gold also
(58:13 / Allies) Ishamal: lol
(58:30 / All) MrFrosty: impressive
(58:50 / All) MrFrosty: ps get out noobs
(58:54 / All) MrFrosty: you're all awful